 Dungeon Crawl Stone Soup version bcrawl-1.21 (webtiles) character file.

Game seed: 14780051364654370382

5000 MisterOstroum the Fighter (level 10, -3/94 HPs)
             Began as a Minotaur Fighter on Feb 15, 2020.
             Was a Follower of Ru.
             Slain by a komodo dragon (29 damage)
             ... on level 1 of the Lair of Beasts.
             The game lasted 00:05:23 (7037 turns).

MisterOstroum the Fighter (Minotaur Fighter)        Turns: 7037, Time: 00:05:23

Health: -3/94      AC: 11    Str: 24    XL:     10   Next: 29%
Magic:  9/9        EV:  9    Int:  5    God:    Ru [*.....]
Gold:   415        SH: 16    Dex: 10    Spells: 9/9 levels left

rFire    . . .     SeeInvis .   a - +0 war axe
rCold    . . .     Gourm    .   v - +0 large shield
rNeg     . . .     Faith    .   b - +0 scale mail
rPois    .         Spirit   .   (helmet restricted)
rElec    .         Reflect  .   F - +2 cloak
rCorr    .         Harm     .   (no gloves)
MR       .....                  (no boots)
Stlth    ..........             (no amulet)
HPRegen  0.25/turn              (no ring)
MPRegen  0.11/turn              (no ring)

@: no scrolls
A: retaliatory headbutt, horns 2, inability to read while threatened
a: Renounce Religion


You were on level 1 of the Lair of Beasts.
You worshipped Ru.
Ru was aware of your devotion.
You were not hungry.

You visited 2 branches of the dungeon, and saw 8 of its levels.
You also visited: Sewer and Ossuary.

You collected 415 gold pieces.

Inventory:

Hand Weapons
 a - a +0 war axe (weapon)
 w - a +0 blowgun
Missiles
 g - 2323 stones (quivered)
 s - 469 sling bullets
 x - 25 poisoned needles
Armour
 b - a +0 scale mail (worn)
 c - a +0 shield
 i - a +0 cloak
 v - a +0 large shield (worn)
 F - a +2 cloak (worn)
Jewellery
 f - a +6 ring of strength {unknown}
 l - an uncursed ring of positive energy {unknown}
 I - a +3 ring of evasion {unknown}
Wands
 q - a wand of random effects (7)
 D - a wand of iceblast (8)
Scrolls
 j - 9 scrolls of identify {unknown}
 m - 2 scrolls of immolation {unknown}
 n - 9 scrolls of remove curse {unknown}
 o - 2 scrolls of enchant armour {unknown}
 u - a scroll of magic mapping {unknown}
 y - a scroll of teleportation {unknown}
 B - a scroll of fog {unknown}
 E - a scroll of noise {unknown}
 G - 2 scrolls of blinking {unknown}
Potions
 d - 3 potions of might {@q3 !q}
 h - 4 potions of curing {unknown}
 k - a potion of cancellation {unknown}
 p - 8 potions of flight {unknown}
 r - 4 potions of heal wounds {@q2 !q}
 t - 5 potions of lignification {unknown}
 z - a potion of mutation {unknown}
 A - a potion of haste {unknown}
 C - 2 potions of ambrosia {unknown}
Comestibles
 e - 9 rations {!d}


   Skills:
 * Level 10.5 Fighting
 * Level 10.0 Axes
 + Level 7.7 Armour
 + Level 6.0 Dodging
 + Level 7.8 Shields


You had 9 spell levels left.
You didn't know any spells.
Your spell library was empty.

Dungeon Overview and Level Annotations

Branches:
Dungeon (7/12)             Temple (0/1) D:5            Lair (1/6) D:7

Altars:
Ashenzari
Dithmenos
Elyvilon
Fedhas
Ru
Vehumet
The Shining One

Shops:
D:4 %   D:7 }

Annotations:
D:3 Grinder


Innate Abilities, Weirdness & Mutations

You reflexively headbutt those who attack you in melee.
You have a pair of horns on your head.
You cannot read scrolls while threatened.


Message History

You completely miss the water moccasin. You block the water moccasin's attack.
You closely miss the water moccasin.
Your headbutt misses the water moccasin.
The water moccasin closely misses you. You block the water moccasin's attack.
You barely miss the yak. You headbutt the yak, but do no damage.
You slash the water moccasin! The water moccasin barely misses you.
You slice the water moccasin!!
You kill the water moccasin!
Your shield prevents you from hitting the yak.
You hit the komodo dragon but do no damage.
You slash the yak! The komodo dragon closely misses you.
You block the yak's attack.
The yak is stunned by your will and fails to attack.
You slash the yak!
The yak is heavily wounded.
Your scale mail prevents you from hitting the yak.
You hit the yak. You closely miss the komodo dragon.
The komodo dragon bites you!
You feel threatened and lose the ability to read scrolls!
You block the yak's attack. x2
You hit the yak but do no damage. You headbutt the yak.
The yak is severely wounded.
You hit the komodo dragon. You hit the yak but do no damage. x2
The komodo dragon barely misses you. The yak gores you.
You block the yak's attack. The yak barely misses you.
Your shield and scale mail prevent you from hitting the yak.
The yak is severely wounded.
You slash the yak! You slice the yak!! You hit the yak.
You hit the komodo dragon but do no damage.
The komodo dragon bites you!! You block the yak's attack.
The yak closely misses you. You block the yak's attack. The yak gores you!
You are too injured to fight recklessly!
You are too injured to fight recklessly!
You are too injured to fight recklessly!
You are too injured to fight recklessly!
You are too injured to fight recklessly!
You are too injured to fight recklessly!
You are too injured to fight recklessly!
You are too injured to fight recklessly!
You are too injured to fight recklessly!
You are too injured to fight recklessly!
You are too injured to fight recklessly!
You are too injured to fight recklessly!
You are too injured to fight recklessly!
You are too injured to fight recklessly!
You are too injured to fight recklessly!
You are too injured to fight recklessly!
You are too injured to fight recklessly!
You are too injured to fight recklessly!
You are too injured to fight recklessly!
You are too injured to fight recklessly!
You are too injured to fight recklessly!
You are too injured to fight recklessly!
You are too injured to fight recklessly!
You are too injured to fight recklessly!
You are too injured to fight recklessly!
You are too injured to fight recklessly!
You are too injured to fight recklessly!
You are too injured to fight recklessly!
The yak snorts and paws the ground.
The yak closely misses you.
You see here a wand of iceblast (11).
The yak barely misses you.
You are too injured to fight recklessly!
You are too injured to fight recklessly!
You are too injured to fight recklessly!
You are too injured to fight recklessly!
You are too injured to fight recklessly!
You are too injured to fight recklessly!
You closely miss the komodo dragon. You headbutt the komodo dragon!
The komodo dragon is moderately wounded.
You block the komodo dragon's attack.
You barely miss the komodo dragon. You headbutt the komodo dragon.
The komodo dragon is heavily wounded.
The komodo dragon is stunned by your will and fails to attack.
The komodo dragon barely misses you.
You hit the komodo dragon.
The komodo dragon is heavily wounded.
The komodo dragon bites you!!
* * * LOW HITPOINT WARNING * * *
Evoke which item? (* to show all) (? for menu, Esc to quit)
Okay, then.
You are too injured to fight recklessly!
You slash the komodo dragon! You headbutt the komodo dragon.
The komodo dragon is almost dead.
You block the komodo dragon's attack.
You closely miss the komodo dragon. You headbutt the komodo dragon!
The komodo dragon is almost dead.
The komodo dragon bites you!
* * * LOW HITPOINT WARNING * * *
You hit the komodo dragon but do no damage.
The komodo dragon is almost dead.
You block the komodo dragon's attack.
Really quaff
r - 5 potions of heal wounds {@q2 !q}?
You feel much better.
The komodo dragon bites you but does no damage.
You hit the komodo dragon but do no damage.
The komodo dragon is almost dead.
The komodo dragon bites you!!
You die...

#P...# ##...# ...#
#./.## ...# #....#
##..P #... #...###
##...###... #YY..P# #
P...#.#...# ##.#..#.#
#.......... ##lY..##
#..........###@#....#
#.<.#
.P....#...##......
#...### #......##
...... ##....#
#.....## P.....
#.>..####.....## .###.
#.....#####....#####
###....#####....#.###
#
##.....####.......#...
#......# ##.#........


You could see a komodo dragon and a yak.

Vanquished Creatures
  Pikel (D:6)
  Prince Ribbit (D:7)
  A hippogriff (D:6)
  Sigmund (D:6)
  A wyvern (D:7)
  A basilisk (D:7)
  4 yaks (D:7)
  Edmund (D:5)
  A crocodile (D:7)
  A water moccasin (Lair:1)
  A porcupine (D:7)
  3 ice beasts
  4 sky beasts
  2 slaves (D:6)
  A black bear (D:5)
  3 centaurs
  A phantom (D:5)
  4 ogres
  A bullfrog (Lair:1)
  A big kobold (Sewer)
  A scorpion (D:7)
  4 water moccasin zombies (Ossuary)
  A water moccasin skeleton (D:4)
  3 wights (D:5)
  A bullfrog zombie (D:7)
  2 crimson imps
  A jelly (D:7)
  2 hounds
  3 orc wizards
  Crazy Yiuf (D:6)
  An orc priest (D:7)
  A centaur skeleton (D:7)
  3 iguanas
  A worker ant (D:6)
  4 big kobold zombies (Ossuary)
  A hound skeleton (D:5)
  A hound zombie (D:5)
  3 mummies
  2 river rats
  6 adders
  5 adder zombies
  An adder skeleton (D:4)
  2 worms
  A dart slug (D:4)
  3 leopard geckos
  21 orcs
  2 giant cockroaches
  6 goblins
  7 hobgoblins
  7 jackals
  9 kobolds
  2 quokkas (D:5)
  4 bats
  3 frilled lizards (D:1)
  3 gnoll zombies (Ossuary)
  5 hobgoblin zombies (Ossuary)
  9 kobold zombies (Ossuary)
  5 orc zombies (Ossuary)
  5 rats
176 creatures vanquished.

Vanquished Creatures (others)
  A bush (D:7)
  3 fungi (D:7)
  11 plants
15 creatures vanquished.

Grand Total: 191 creatures vanquished

Notes
Turn   | Place    | Note
-------+----------+-------------------------------------------
     0 | D:1      | MisterOstroum the Minotaur Fighter began the quest for the
                  | Orb.
     0 | D:1      | Reached XP level 1. HP: 19/19 MP: 0/0
   375 | D:1      | Reached XP level 2. HP: 27/27 MP: 1/1
  1326 | D:2      | Reached XP level 3. HP: 33/33 MP: 2/2
  1741 | D:2      | Found a shadowy altar of Dithmenos.
  2061 | D:3      | Noticed Grinder
  2077 | D:3      | Reached skill level 1 in Dodging
  2085 | D:4      | Noticed a centaur
  2090 | D:4      | Killed a centaur
  2090 | D:4      | Reached XP level 4. HP: 30/41 MP: 3/3
  2091 | D:4      | Reached XP level 5. HP: 35/47 MP: 4/4
  2103 | D:4      | Reached skill level 5 in Fighting
  2289 | D:4      | Found Heahur's Food Shoppe.
  2461 | D:4      | Found a glowing drain.
  2465 | Sewer    | Entered a sewer
  2474 | Sewer    | Reached XP level 6. HP: 45/56 MP: 5/5
  2704 | Sewer    | Found a glowing silver altar of Zin.
  2907 | D:4      | Reached skill level 5 in Axes
  3031 | D:4      | Reached XP level 7. HP: 54/63 MP: 6/6
  3303 | D:4      | Reached skill level 5 in Armour
  3303 | D:4      | Reached skill level 5 in Shields
  3546 | D:5      | Entered Level 5 of the Dungeon
  3550 | D:5      | Noticed Edmund
  3578 | D:5      | Killed Edmund
  3794 | D:5      | Found a glowing golden altar of the Shining One.
  3794 | D:5      | Found a blossoming altar of Fedhas.
  3794 | D:5      | Found a sacrificial altar of Ru.
  3915 | D:5      | Became a worshipper of Ru the Awakened
  3926 | D:5      | Reached XP level 8. HP: 28/73 MP: 7/7
  4247 | D:5      | Found a staircase to the Ecumenical Temple.
  4412 | D:5      | Found a white marble altar of Elyvilon.
  4794 | D:6      | Found a radiant altar of Vehumet.
  4795 | D:6      | Noticed a hippogriff
  4797 | D:6      | Noticed Sigmund
  4806 | D:6      | Killed Sigmund
  4806 | D:6      | Reached XP level 9. HP: 29/82 MP: 8/8
  5172 | D:6      | Noticed Pikel
  5190 | D:6      | Killed Pikel
  5190 | D:6      | Reached skill level 5 in Dodging
  5314 | D:6      | Found a shattered altar of Ashenzari.
  5737 | D:6      | Gained mutation: You cannot read scrolls while threatened.
                  | [Ru sacrifice]
  5737 | D:6      | Reached * piety under Ru
  5746 | D:6      | Found a runed door.
  5750 | D:6      | Noticed Crazy Yiuf
  5767 | D:6      | Killed Crazy Yiuf
  5984 | D:7      | Found Kahilix's Gadget Emporium.
  5994 | D:7      | Noticed Prince Ribbit
  6009 | D:7      | Found a sand-covered staircase.
  6025 | D:7      | Killed Prince Ribbit
  6028 | Ossuary  | Entered an ossuary
  6388 | D:7      | Reached skill level 10 in Fighting
  6419 | D:7      | Reached XP level 10. HP: 12/93 MP: 9/9
  6937 | D:7      | Found a staircase to the Lair.
  6970 | Lair:1   | Entered Level 1 of the Lair of Beasts
  7014 | Lair:1   | Reached skill level 10 in Axes
  7037 | Lair:1   | Slain by a komodo dragon

Skill      XL: |  1  2  3  4  5  6  7  8  9 10 |
---------------+-------------------------------+-----
Fighting       | 4 5 6 7 8 10 | 10.5
Axes           | 3 4 5 6 8 9 10 | 10.0
Armour         | 4 5 6 7 |  7.7
Dodging        | 1 2 3 4 5 6 |  6.0
Shields        | 4 5 6 7 |  7.8

Action                   |  1- 3 |  4- 6 |  7- 9 | 10-12 || total
-------------------------+-------+-------+-------+-------++-------
Melee: War axe           |    93 |   110 |   338 |    50 ||   591
       Headbutt          |    12 |    17 |    68 |    19 ||   116
Throw: Stone             |    46 |       |    11 |       ||    57
Invok: Sacrifice Words   |       |       |     1 |       ||     1
  Use: Potion            |       |       |       |     2 ||     2
  Eat: Chunk             |     4 |     2 |     8 |       ||    14
       Ration            |       |       |     1 |     1 ||     2
Armor: Scale mail        |    53 |    34 |   112 |     9 ||   208
Dodge: Dodged            |    18 |    16 |    67 |    19 ||   120
Block: Shield            |    45 |       |       |       ||    45
       Large shield      |    14 |    94 |   274 |    43 ||   425
